 Dungeon Sprint DCSS version 0.29-a0-512-gf59ac788ac (webtiles) character file.

Game seed: 10801713019898324879

304 mhtbhm the Grappler (level 6, -4/66 HPs)
             Began as a Troll Transmuter on May 30, 2022.
             Was an Initiate of Gozag.
             Slain by a killer bee (10 damage)
             ... in the Dungeon (Sprint IV: "Fedhas' Mad Dash").
             The game lasted 00:03:59 (1686 turns).

mhtbhm the Grappler (Troll Transmuter)              Turns: 1686, Time: 00:04:00

Health: -4/66      AC:  5    Str: 21    XL:     6   Next: 15%
Magic:  7/11       EV: 10    Int:  9    God:    Gozag
Gold:   449        SH:  0    Dex: 10    Spells: 3/13 levels left

rFire   x . .      SeeInvis .     - Unarmed
rCold   + + +      Faith    .   (shield currently unavailable)
rNeg    . . .      Spirit   .   (body armour currently unavailable)
rPois   +          Reflect  .   (helmet currently unavailable)
rElec   .          Harm     .   (cloak currently unavailable)
rCorr   .          Rampage  .   (gloves unavailable)
Will    .....      NoTele   +   (boots unavailable)
Stlth   ++........              i - amulet of invisibility {+Inv}
HPRegen 1.01/turn               (no ring)
MPRegen 0.12/turn               (no ring)

@: lethally poisoned (-4 -> -5), ice-form, very slightly contaminated, hasted,
invisible (expiring), very quick
A: freezing attack, amphibious, boosted hp, large, unfitting armour, (claws 3),
regeneration 1, (shaggy fur 1), (tough skin 1)
a: End Transformation, Renounce Religion, Evoke Invisibility, Potion Petition,
Call Merchant, Bribe Branch


You were in the Dungeon.
You worshipped Gozag.
Gozag was aware of your devotion.
You were a creature of crystalline ice.
You visited 1 branch You collected 449 gold pieces.

Inventory:

Armour
 a - a +0 robe (melded)
Jewellery
 i - the amulet of invisibility (around neck) {+Inv}
   (You found it in the Dungeon)

   [amulet of nothing]

   +Inv:      It lets you turn invisible.
Potions
 b - a potion of lignification
 c - a potion of curing
 f - 2 potions of magic
 g - a potion of berserk rage


   Skills:
 + Level 1.2 Fighting
 + Level 3.2 Dodging
 + Level 1.7 Stealth
 + Level 8.1 Unarmed Combat
 + Level 4.2 Spellcasting
 + Level 4.6 Transmutations
 + Level 1.0 Ice Magic
 + Level 1.6 Evocations


You had 3 spell levels left.
You knew the following spells:

 Your Spells              Type           Power      Damage    Failure   Level
a - Beastly Appendage     Tmut           20%        N/A       4%          1
b - Wereblood             Tmut           10%        N/A       6%          2
c - Spider Form           Tmut/Pois      6%         N/A       30%         3
d - Ice Form              Ice/Tmut       7%         N/A       63%         4

Your spell library contained the following spells:

 Spells                   Type           Power      Damage    Failure   Level
 Sting                    Tmut/Pois      24%        1d4       11%         1
 Poisonous Vapours        Pois/Air       2%         N/A       38%         2
 Olgreb's Toxic Radiance  Pois           1%         N/A       95%         4


Dungeon Overview and Level Annotations

Branches:
Dungeon (1/1)

Altars:
Cheibriados
Dithmenos
Elyvilon
Gozag
Hepliaklqana
Kikubaaqudgha
Makhleb
Nemelex Xobeh
Okawaru
Qazlal
Ru
Sif Muna
Trog
Uskayaw
Vehumet
Wu Jian
Xom
Yredelemnul
Zin
The Shining One
Beogh
Jiyva
Lugonu

Shops:
D =:


Innate Abilities, Weirdness & Mutations

You are a creature of crystalline ice.
You have a powerful freezing melee attack.
You are amphibious.
Your maximum health is increased.
Your armour is entirely melded.
You are incapable of wielding weapons or throwing items.
You are too large for most types of armour.
((You have claws for hands.))
Your natural rate of healing is unusually fast.
((You are covered in fur. (AC +1)))
((You have tough skin. (AC +1)))


Message History

The killer bee buzzes angrily.
The killer bee stings you. The killer bee barely misses you.
The killer bee stings you!
You are poisoned.
The killer bee poisons you! The queen bee stings you!!
The killer bee stings you! The killer bee misses you.
Unknown command.
Unknown command.
You barely miss the queen bee.
The queen bee is severely wounded.
You feel sick. The killer bee barely misses you. The killer bee stings you!
* * * LOW HITPOINT WARNING * * *
The killer bee barely misses you. x2; The queen bee stings you!
* * * LOW HITPOINT WARNING * * *
Unknown command.
Unknown command.
Blink to where?
Press: ? - help, Dir - move target
As you read the scroll of blinking, it crumbles to dust.
You feel sick.
Unknown command.
You flicker for a moment.
You feel sick.
You hear an angry buzzing noise.
You feel sick.
You feel sick. The killer bee barely misses you. x2
There is an open door here.
You feel much better.
You feel sick. The killer bee stings you.
You are more poisoned.
The killer bee poisons you! The killer bee barely misses you.
The killer bee stings you!
* * * LOW HITPOINT WARNING * * *
The killer bee stings you but does no damage.
Unknown command.
You feel yourself speed up.
You feel sick. The killer bee barely misses you. The killer bee stings you!
* * * LOW HITPOINT WARNING * * *
The killer bee stings you!
You die...
Your body crumbles into a pile of gold.

##############################
#<..P#.....#.....#.⌠._._._._.⌠
#PP..'÷[...'.#)..'.._._._._._.
#PPPP#.....#.#...#..._._._._..
###############'##.._._._._._.
#...♣..y....yY...#._._._._._.⌠
#y.y...♣....y#...#############
#y.y..♣y.♣..###### $
##+####+#####


$$$$ $$ You could see 4 killer bees.

Vanquished Creatures
  2 scorpions (D)
  4 oklob saplings (D)
  2 spriggans (D)
  A river rat (D)
  A rat (D)
10 creatures vanquished.

Notes
Turn   | Place    | Note
-------+----------+-------------------------------------------
     0 | D        | mhtbhm the Troll Transmuter began the quest for the Orb.
     0 | D        | Reached XP level 1. HP: 18/18 MP: 1/1
    25 | D        | Reached skill level 4 in Unarmed Combat
    25 | D        | Reached XP level 2. HP: 26/26 MP: 0/3
   160 | D        | Learned a level 2 spell: Wereblood
   228 | D        | Noticed an oklob sapling
   231 | D        | Killed an oklob sapling
   232 | D        | Reached skill level 5 in Unarmed Combat
   232 | D        | Reached XP level 3. HP: 32/32 MP: 0/5
   233 | D        | Noticed a scorpion
   233 | D        | Found the amulet of invisibility {+Inv}
   236 | D        | Killed a scorpion
   237 | D        | Reached skill level 6 in Unarmed Combat
   237 | D        | Reached XP level 4. HP: 34/40 MP: 1/7
   251 | D        | Found an opulent altar of Gozag.
   251 | D        | Found a hazy altar of Hepliaklqana.
   251 | D        | Found a burning altar of Makhleb.
   251 | D        | Found a sparkling altar of Nemelex Xobeh.
   251 | D        | Found a snail-covered altar of Cheibriados.
   251 | D        | Found a sacrificial altar of Ru.
   251 | D        | Found a shimmering blue altar of Sif Muna.
   251 | D        | Found a shimmering altar of Xom.
   251 | D        | Found a basalt altar of Yredelemnul.
   252 | D        | Found an ornate altar of the Wu Jian Council.
   509 | D        | Learned a level 3 spell: Spider Form
   514 | D        | Found a viscous altar of Jiyva.
   514 | D        | Found a bloodstained altar of Trog.
   515 | D        | Found an iron altar of Okawaru.
   515 | D        | Found a shadowy altar of Dithmenos.
   515 | D        | Found a glowing silver altar of Zin.
   516 | D        | Found an ancient bone altar of Kikubaaqudgha.
   516 | D        | Found a hide-covered altar of Uskayaw.
   517 | D        | Found a stormy altar of Qazlal.
   517 | D        | Found a white marble altar of Elyvilon.
   517 | D        | Found a glowing golden altar of the Shining One.
   518 | D        | Became a worshipper of Gozag Ym Sagoz the Greedy
   519 | D        | Found a corrupted altar of Lugonu.
   519 | D        | Found a radiant altar of Vehumet.
   526 | D        | Reached skill level 7 in Unarmed Combat
   526 | D        | Reached XP level 5. HP: 46/46 MP: 3/8
   576 | D        | Learned a level 4 spell: Ice Form
   587 | D        | Reached skill level 1 in Stealth
  1063 | D        | Reached skill level 1 in Fighting
  1063 | D        | Reached skill level 1 in Evocations
  1074 | D        | Reached skill level 8 in Unarmed Combat
  1074 | D        | Reached XP level 6. HP: 48/55 MP: 4/11
  1114 | D        | Found Joykiel's Book Shop.
  1114 | D        | Found Enunlad's Jewellery Emporium.
  1159 | D        | Reached skill level 1 in Ice Magic
  1670 | D        | Noticed a queen bee
  1686 | D        | Slain by a killer bee

Illustrated notes

Levels and vault maps discovered:
D:        dungeon_sprint_fedhas [sprint_temple]

Skill      XL: |  1  2  3  4  5  6 |
---------------+-------------------+-----
Dodging        | 2 3 |  3.2
Unarmed Combat | 4 5 6 7 8 |  8.1
Spellcasting   | 2 3 4 |  4.2
Transmutations | 2 3 4 |  4.6
Stealth        | 1 |  1.7
Fighting       | 1 |  1.2
Evocations     | 1 |  1.6
Ice Magic      | 1 |  1.0

Action                   |  1- 3 |  4- 6 || total
-------------------------+-------+-------++-------
Melee: Unarmed           |     8 |    28 ||    36
       Kick              |     3 |     2 ||     5
       Punch             |     1 |     1 ||     2
       Headbutt          |       |     2 ||     2
 Cast: Beastly Appendage |     2 |     2 ||     4
       Wereblood         |     2 |     3 ||     5
       Ice Form          |       |     4 ||     4
 Abil: Evoke Invisibilit |       |     6 ||     6
  Use: Potion            |       |     2 ||     2
       Scroll            |       |     1 ||     1
 Stab: Invisible         |       |     3 ||     3
       Sleeping          |       |     2 ||     2
Armor: Skin              |       |     3 ||     3
Dodge: Dodged            |     2 |    13 ||    15

Table legend: (Time is in decaauts)
 A = Elapsed time spent in this place.
 B = Non-inter-level travel time spent in this place.
 C = Inter-level travel time spent in this place.
 D = Time resting spent in this place.
 E = Time spent auto-exploring this place.
 F = Levels seen in this place.
 G = Mean time per level.
                   A        B        C        D        E       F      G
               +--------+--------+--------+--------+--------+-----+--------+
         Total |   1681 |   1681 |      0 |   1421 |      0 |   1 | 1681.0 |
       Dungeon |   1681 |   1681 |      0 |   1421 |      0 |   1 | 1681.0 |
               +--------+--------+--------+--------+--------+-----+--------+

Top non-repeatable levels by time:
       D: 1681 daAuts
